[Event "*** Titled Tuesday Blitz"]
[Site "Chess.com"]
[Date "2021.04.06"]
[Round "6"]
[White "Jumbo"]
[Black "Airquake"]
[Result "1-0"]
[WhiteElo "2835"]
[BlackElo "2668"]
[TimeControl "180+1"]
[EndTime "11:07:40 PDT"]
[Termination "Jumbo won on time"]

1. d4 Nf6 2. c4 e6 3. Nf3 b6 4. g3 Bb7 5. Bg2 Be7 6. Nc3 O-O 7. d5 exd5 8. cxd5 Re8 9. O-O Bf8 10. Nd4 Na6 11. e4 d6 12. Re1 Nc5 13. b4 Ncd7 14. h3 a5 15. Ba3 axb4 16. Bxb4 Nc5 17. a4 g6 18. Qc2 Bg7 19. Ncb5 Qd7 20. a5 Ba6 21.
axb6 Bxb5 22. Rxa8 Rxa8 23. Bxc5 dxc5 24. Qxc5 Ba6 25.
bxc7 Ne8 26. e5 Bb7 27. d6 Bxg2 28. Kxg2 Rc8 29. Qc6 Qxc6+ 30. Nxc6 Nxc7 31. Ne7+ 1-0

[Event "*** Titled Tuesday Blitz"]
[Site "Chess.com"]
[Date "2021.04.06"]
[Round "6"]
[White "mary-sanna"]
[Black "Chessbard1972"]
[Result "0-1"]
[WhiteElo "2112"]
[BlackElo "2331"]
[TimeControl "180+1"]
[EndTime "11:07:40 PDT"]
[Termination "Chessbard1972 won by checkmate"]

1. d4 Nf6 2. Bf4 d5 3. e3 Bf5 4. c4 e6 5. Nf3 Nc6 6. c5 Nh5 7. Nc3 Nxf4 8. exf4 a6 9. a3 Be7 10. Bd3 Bxd3 11. Qxd3 g6 12. Ne5 Nb8 13. b4 f6 14. Nf3 c6 15. Qe2 Kf7 16. O-O Re8 17. Rfe1 Bf8 18. Na4 Nd7 19. h3 Bg7 20. Nc3 Kg8 21.
a4 e5 22. fxe5 fxe5 23. Nxe5 Nxe5 24. dxe5 Rxe5 25. Qd3 Qe7 26. Rec1 Rf8 27. Ra2 Re1+ 28. Rxe1 Qxe1+ 29. Kh2 Qxc3 30. Qb1 Qe5+ 31. g3 Qd4 32. f4 Re8 33. b5 axb5 34. axb5 cxb5 35. Qxb5 Qe4 36. Qxb7 Bd4 37. c6 Qe1 38. Rg2 Re2 39.
Qc8+ Kg7 40. Qd7+ Kh6 41. Qxd5 Qg1# 0-1

[Event "*** Titled Tuesday Blitz"]
[Site "Chess.com"]
[Date "2021.04.06"]
[Round "6"]
[White "Bodnar_Mykola"]
[Black "Alexander_Moskalenko"]
[Result "0-1"]
[WhiteElo "2508"]
[BlackElo "2749"]
[TimeControl "180+1"]
[EndTime "11:07:43 PDT"]
[Termination "Alexander_Moskalenko won by resignation"]

1. d4 d5 2. c4 c6 3. Nf3 Nf6 4. Nc3 dxc4 5. e4 b5 6. Be2 Bg4 7. h3 Bh5 8. e5 Nd5 9. e6 Nxc3 10. bxc3 f6 11. Nh4 Bxe2 12. Qxe2 Qd5 13. f4 g6 14. f5 g5 15. Qh5+ Kd8 16. Ng6 Qxg2 17. Rf1 Qe4+ 18. Kd1 Qd3+ 19. Ke1 Qxc3+ 20. Ke2 Qd3+ 21.
Ke1 Qe4+ 22. Kd2 Qxd4+ 23. Ke2 Qd3+ 24. Ke1 Rg8 25. Qxh7 Qe4+ 26. Kd1 Na6 27. Bd2 c3 28. Bxc3 Qd3+ 29. Bd2 Qxf1+ 30. Kc2 Qxa1 31. Qxg8 Qxa2+ 32. Kd1 Qb1+ 33. Ke2 Qe4+ 34. Kd1 Kc7 35. Qf7 Rd8 36. Nxe7 Rxd2+ 37. Kxd2 Qb4+ 38. Ke2 Qxe7 0-1

[Event "*** Titled Tuesday Blitz"]
[Site "Chess.com"]
[Date "2021.04.06"]
[Round "6"]
[White "vugarrasulov"]
[Black "Kostya_Nikologorskiy"]
[Result "1-0"]
[WhiteElo "2872"]
[BlackElo "2678"]
[TimeControl "180+1"]
[EndTime "11:07:44 PDT"]
[Termination "vugarrasulov won by resignation"]

1. d4 d5 2. c4 dxc4 3. Nf3 c5 4. d5 Nf6 5. Nc3 e6 6. e4 Be7 7. Bxc4 exd5 8. Nxd5 O-O 9. O-O Nxd5 10. Bxd5 Qb6 11. Qb3 Nc6 12. h3 Qxb3 13. Bxb3 Nb4 14. Bd2 Bd7 15. Ne5 Bb5 16. Rfd1 Nc6 17. Bc3 Nxe5 18. Bxe5 Rfd8 19. Bd5 Ba6 20. Rd2 Kf8 21. Rad1 Rd7 22. Bb3 Rxd2 23. Rxd2 Rd8 24. Rxd8+ Bxd8 25. Bd5 f6 26. Bd6+ Be7 27. Bb8 Ke8 28. Bxa7 Bd6 29. Bb6 Kd7 30. b3 Bd3 31. a4 Bc2 32. a5 Bc7 33. g3 Kc8 34. f4 g5 35. Kf2 gxf4 36.
Bxc7 Kxc7 37. gxf4 b5 38. e5 fxe5 39. fxe5 Bf5 40. h4 h6 41. Ke3 Kb8 42. e6 Ka7 43. Kf4 Bg6 44. Ke5 Ka6 45. Kd6 Kxa5 46. Kxc5 b4 47. Bc6 1-0

[Event "*** Titled Tuesday Blitz"]
[Site "Chess.com"]
[Date "2021.04.06"]
[Round "6"]
[White "CzechmVIII"]
[Black "retropwr"]
[Result "0-1"]
[WhiteElo "2209"]
[BlackElo "2413"]
[TimeControl "180+1"]
[EndTime "11:07:44 PDT"]
[Termination "retropwr won by checkmate"]

1. e4 d6 2. d4 Nf6 3. Nc3 e5 4. Nge2 exd4 5. Nxd4 Be7 6. g3 O-O 7. Bg2 Re8 8. O-O Bf8 9. Re1 Nbd7 10. h3 c6 11. Bf4 Ne5 12. b3 a5 13. a4 Qb6 14. Be3 Qc7 15. f4 Ned7 16. Bf2 Nc5 17. g4 h6 18. Qd2 g6 19. Rad1 Bd7 20. Qe2 Rad8 21. Qf3 Bc8 22. Qg3 Bg7 23. Kh1 b6 24. Bf3 Bb7 25. h4 d5 26. e5 Nfe4 27. Nxe4 Nxe4 28. Bxe4 dxe4 29. e6 e3 30. Bxe3 c5+ 31. Kg1 cxd4 32. exf7+ Qxf7 33. Bf2 Qd5 34. Kh2 Rxe1 35.
Rxe1 Rc8 36. h5 Rc3 37. Qh4 Qg2# 0-1

[Event "*** Titled Tuesday Blitz"]
[Site "Chess.com"]
[Date "2021.04.06"]
[Round "6"]
[White "GregShahade"]
[Black "Sychev_Klementy"]
[Result "1-0"]
[WhiteElo "2728"]
[BlackElo "2881"]
[TimeControl "180+1"]
[EndTime "11:07:46 PDT"]
[Termination "GregShahade won by resignation"]

1. e4 e5 2. Nf3 Nc6 3. Bb5 a6 4.
Ba4 b5 5. Bb3 Na5 6. O-O d6 7.
d4 exd4 8. c3 Nxb3 9. axb3 Nf6 10. Qxd4 Be7 11. Re1 O-O 12. Bg5 Bb7 13. Nbd2 Re8 14.
b4 Qc8 15. h3 c5 16. Qd3 cxb4 17. cxb4 h6 18. Bf4 d5 19. Rac1 Qd8 20. Bc7 Qd7 21.
e5 Bxb4 22. exf6 Rxe1+ 23. Nxe1 Rc8 24. Qg3 g6 25. Qf4 a5 26. Qxh6 Bf8 27. Qf4 Bd6 28. Bxd6 Rxc1 29. Qh6 Rxe1+ 30. Nf1 1-0

[Event "*** Titled Tuesday Blitz"]
[Site "Chess.com"]
[Date "2021.04.06"]
[Round "6"]
[White "Deepweb2020"]
[Black "KetiGrant"]
[Result "0-1"]
[WhiteElo "2515"]
[BlackElo "2364"]
[TimeControl "180+1"]
[EndTime "11:07:46 PDT"]
[Termination "KetiGrant won on time"]

1. d4 Nf6 2. c4 g6 3. Nf3 Bg7 4. g3 d6 5. Bg2 O-O 6. O-O Nc6 7. Nc3 a6 8. b3 Rb8 9. Nd5 e6 10. Nxf6+ Bxf6 11. Bh6 Re8 12. e4 e5 13. d5 Nd4 14.
Be3 Bg4 15. Bxd4 exd4 16. Qd3 c5 17. dxc6 bxc6 18. Nxd4 Qb6 19. h3 Qxd4 20. Qxd4 Bxd4 21.
hxg4 Bxa1 22. Rxa1 c5 23. Rd1 Rb6 24. f4 Kg7 25. Rd5 f6 26. Kf2 a5 27. Ke3 Kf7 28. g5 a4 29. bxa4 Ra8 30. gxf6 Rxa4 31. e5 Rxc4 32.
exd6 Rd4 33. d7 Rd6 34. Rxc5 Rxd7 35. Be4 Kxf6 36. g4 Ra4 37. Rc6+ Kg7 38. Rc2 Re7 39. Kf3 Raxe4 0-1

[Event "*** Titled Tuesday Blitz"]
[Site "Chess.com"]
[Date "2021.04.06"]
[Round "6"]
[White "aljado"]
[Black "Haykoooo0o"]
[Result "1-0"]
[WhiteElo "2114"]
[BlackElo "2437"]
[TimeControl "180+1"]
[EndTime "11:07:46 PDT"]
[Termination "aljado won by checkmate"]

1. e4 c5 2. Nf3 e6 3. d4 cxd4 4.
Nxd4 a6 5. c4 Qc7 6. Nc3 b6 7. Be3 Bb7 8. Be2 f6 9. O-O Bd6 10. h3 Bf4 11. Ncb5 axb5 12. Nxb5 Bh2+ 13. Kh1 Qe5 14. f4 Qxb2 15. Nd6+ Kf8 16. Nxb7 Bg3 17. c5 bxc5 18. Nxc5 Ne7 19. Bf3 Kf7 20. e5 Rxa2 21. Rxa2 Qxa2 22. exf6 gxf6 23. Nxd7 Nxd7 24. Qxd7 Qb3 25.
Bh5+ Kg7 26. Qxe7+ Kh6 27. Qxf6+ Kxh5 28. Qg5# 1-0

[Event "*** Titled Tuesday Blitz"]
[Site "Chess.com"]
[Date "2021.04.06"]
[Round "6"]
[White "BilodeauA"]
[Black "BogdanDeac"]
[Result "0-1"]
[WhiteElo "2903"]
[BlackElo "3067"]
[TimeControl "180+1"]
[EndTime "11:07:48 PDT"]
[Termination "BogdanDeac won by resignation"]

1. d4 Nf6 2. Nc3 d5 3. Bf4 a6 4. e3 e6 5. g4 Bb4 6. Ne2 O-O 7.
a3 Be7 8. Ng3 c5 9. g5 Nfd7 10.
h4 Nc6 11. Bd3 cxd4 12. exd4 f5 13. Nce2 e5 14. dxe5 Ndxe5 15. Kf1 d4 16. Bxe5 Nxe5 17. Nf4 Qd6 18. Qe2 Nxd3 19. Nxd3 Bd7 20. Ne5 Bb5 21. Nd3 Rae8 22. Qd2 Bc6 23. Rh3 f4 24. Ne2 f3 25. Ng3 Bd8 26. Re1 Qd7 27. Rh1 Bc7 28.
Rg1 Qh3+ 0-1

[Event "*** Titled Tuesday Blitz"]
[Site "Chess.com"]
[Date "2021.04.06"]
[Round "6"]
[White "ViktoriyaTarasova"]
[Black "stepakyedael"]
[Result "1-0"]
[WhiteElo "2447"]
[BlackElo "2282"]
[TimeControl "180+1"]
[EndTime "11:07:48 PDT"]
[Termination "ViktoriyaTarasova won on time"]

1. d4 Nf6 2. c4 g6 3. Nc3 Bg7 4. e4 d6 5. h3 O-O 6. Be3 Na6 7.
Be2 e5 8. d5 h6 9. g4 Ne8 10.
Qc2 c6 11. O-O-O c5 12. h4 Qa5 13. Kb1 Nec7 14. f3 Rb8 15. Qd2 Kh7 16. Nb5 Qxd2 17.
Rxd2 Nxb5 18. cxb5 Nc7 19. h5 g5 20. Bd3 b6 21. Ne2 a6 22. bxa6 Bxa6 23. Bxa6 Nxa6 24. Ng3 Rfc8 25. Nf5 Bf8 26. Rc1 b5 27. b3 Rb7 28.
a3 Rcb8 29. Ka2 Nc7 30. Kb2 Ne8 31. b4 c4 32. Ng3 Be7 33. Ne2 Bd8 34. Nc3 Ra8 35.
Ra1 Bb6 36. Bxb6 Rxb6 37. Kc1 Nc7 38. Rb2 Kg7 39. Kc2 Kf8 40. a4 bxa4 41. Rxa4 Rxa4 42. Nxa4 Ra6 43. Nc3 Rb6 44. b5 Ke8 45. Kb1 Kd7 46.
Ka2 Kc8 47. Ka3 Kb7 48. Kb4 Ka7 49. Kxc4 Kb8 50. Rb3 1-0

[Event "*** Titled Tuesday Blitz"]
[Site "Chess.com"]
[Date "2021.04.06"]
[Round "6"]
[White "Leo_C"]
[Black "chessmadara"]
[Result "1-0"]
[WhiteElo "2395"]
[BlackElo "2195"]
[TimeControl "180+1"]
[EndTime "11:07:50 PDT"]
[Termination "Leo_C won by resignation"]

1. d4 Nf6 2. c4 g6 3. f3 d5 4.
cxd5 Nxd5 5. e4 Nb6 6. Nc3 Bg7 7. Be3 O-O 8. Qd2 e5 9. d5 c6 10. Rd1 cxd5 11. exd5 N8d7 12. h4 h5 13. g4 Nf6 14.
g5 Nfd7 15. Nh3 e4 16. f4 a6 17. a4 Qc7 18. Nxe4 Nc4 19. Bxc4 Qxc4 20. Qd3 Qxa4 21.
Nhf2 Re8 22. O-O Bxb2 23. Nd6 Re7 24. Rb1 Bg7 25. Nfe4 b5 26. Rb3 Nf8 27. Ra3 Qb4 28. Rb1 Bb2 29. Rb3 Qa4 30. R1xb2 Bf5 31. Nxf5 gxf5 32.
Nf6+ Kg7 33. Ra3 Qc4 34. Qxc4 bxc4 35. d6 1-0

[Event "*** Titled Tuesday Blitz"]
[Site "Chess.com"]
[Date "2021.04.06"]
[Round "6"]
[White "Jospem"]
[Black "Margency"]
[Result "1-0"]
[WhiteElo "2909"]
[BlackElo "2720"]
[TimeControl "180+1"]
[EndTime "11:07:51 PDT"]
[Termination "Jospem won by resignation"]

1. e4 c5 2. Nf3 d6 3. c3 Nf6 4. h3 Nc6 5. Bd3 g6 6. Bc2 e5 7. O-O Bg7 8. d4 exd4 9. cxd4 O-O 10. d5 Nb4 11. Nc3 Nxc2 12. Qxc2 Re8 13. Bf4 b5 14. Rfe1 b4 15. Nb5 Bf8 16. e5 dxe5 17. Bxe5 Nxd5 18.
Rad1 Bb7 19. Qc4 Qb6 20. Ng5 a6 21. Rxd5 axb5 22. Qh4 h6 23. Rd7 Qc6 24. Rxb7 Qxb7 25. Ne4 Bg7 26. Nf6+ Kf8 27. Bd6+ Re7 28. Bxe7+ Qxe7 29. Nh7+ Kg8 30. Qxe7 Kxh7 31. Qxf7 c4 32. Re7 Rg8 33. Rc7 c3 34. bxc3 bxc3 35. Rxc3 Rf8 36. Qe7 1-0

[Event "*** Titled Tuesday Blitz"]
[Site "Chess.com"]
[Date "2021.04.06"]
[Round "6"]
[White "1977Ivan"]
[Black "Alexander_Zubov"]
[Result "0-1"]
[WhiteElo "2763"]
[BlackElo "2989"]
[TimeControl "180+1"]
[EndTime "11:07:52 PDT"]
[Termination "Alexander_Zubov won by resignation"]

1. d4 Nf6 2. c4 g6 3. Nc3 d5 4.
Nf3 Bg7 5. Qb3 dxc4 6. Qxc4 O-O 7. e4 Nc6 8. Be3 Ng4 9. e5 Nxe3 10. fxe3 Bh6 11.
O-O-O Bxe3+ 12. Kb1 Bf5+ 13. Bd3 Bg4 14. Be4 Bxf3 15.
gxf3 e6 16. h4 h5 17. d5 Nxe5 18. Qe2 Bh6 19. dxe6 Qf6 20. exf7+ Kh8 21. f4 Ng4 22. Nd5 Qxf7 23. Qc2 c6 24. Bxg6 Qg7 25. Bxh5 cxd5 26. Rhg1 Rxf4 27. Rxd5 Raf8 28. a3 Rf1+ 29. Rxf1 Rxf1+ 30.
Ka2 Qg8 31. Qc3+ Nf6 32. Bf3 Rxf3 33. Qxf3 Qxd5+ 0-1

[Event "*** Titled Tuesday Blitz"]
[Site "Chess.com"]
[Date "2021.04.06"]
[Round "6"]
[White "PowerThinking2650"]
[Black "Mazanchenko_Dmitry"]
[Result "0-1"]
[WhiteElo "2389"]
[BlackElo "2232"]
[TimeControl "180+1"]
[EndTime "11:07:52 PDT"]
[Termination "Mazanchenko_Dmitry won by resignation"]

1. e4 c5 2. Nf3 d6 3. d4 Nf6 4.
Nc3 cxd4 5. Nxd4 Nc6 6. Bc4 e6 7. Be3 Qc7 8. Qe2 a6 9. O-O-O Bd7 10. Bb3 Be7 11. g4 Nxd4 12. Rxd4 e5 13. Rc4 Qd8 14. g5 Ng8 15. Nd5 Kf8 16. h4 b5 17. Rc3 b4 18. Bb6 Qb8 19. Rf3 Be6 20. Nxe7 Bxb3 21. Nxg8 Bxa2 22. b3 Qxb6 23. Qc4 Qb7 24. Nf6 gxf6 25.
Rxf6 a5 26. Rd1 a4 27. Rdxd6 axb3 28. Rxf7+ Qxf7 29. Rf6 b2+ 30. Kxb2 Bxc4 0-1

[Event "*** Titled Tuesday Blitz"]
[Site "Chess.com"]
[Date "2021.04.06"]
[Round "6"]
[White "1SpongeBob"]
[Black "Larciano"]
[Result "1-0"]
[WhiteElo "2186"]
[BlackElo "1942"]
[TimeControl "180+1"]
[EndTime "11:07:53 PDT"]
[Termination "1SpongeBob won on time"]

1. Nf3 Nf6 2. d4 d5 3. c4 Nc6 4.
Nc3 dxc4 5. e3 Bg4 6. Bxc4 e6 7. O-O Bd6 8. h3 Bh5 9. Bb5 O-O 10. Bxc6 bxc6 11.
e4 Bxf3 12. Qxf3 e5 13. Be3 Rb8 14. Rfd1 Qe7 15. b3 h6 16. d5 cxd5 17. Nxd5 Nxd5 18.
Rxd5 Ra8 19. Rad1 a5 20. Qg4 Kh8 21. R1d3 a4 22. g3 axb3 23. axb3 Ra3 24. Kg2 Rb8 25. Qd1 Qe8 26. Bc5 Bxc5 27. Rxc5 Qe7 28. Rc4 f6 29. Rd7 Qe6 30. Rcxc7 Rg8 31. b4 Ra2 32.
Rd2 Rga8 33. b5 Qb6 34. Rd8+ Rxd8 35. Qxd8+ Kh7 36. Rxg7+ Kxg7 37. Qxb6 1-0

[Event "*** Titled Tuesday Blitz"]
[Site "Chess.com"]
[Date "2021.04.06"]
[Round "6"]
[White "Caterpiller35"]
[Black "AniJak"]
[Result "1-0"]
[WhiteElo "2452"]
[BlackElo "2293"]
[TimeControl "180+1"]
[EndTime "11:07:57 PDT"]
[Termination "Caterpiller35 won by resignation"]

1. d4 Nf6 2. Bg5 Ne4 3. Bf4 d5 4. e3 c6 5. Bd3 g6 6. Bxe4 dxe4 7. Nc3 f5 8. h4 h6 9. f3 exf3 10. Nxf3 Bg7 11. Ne5 Bxe5 12. Bxe5 Rg8 13. Bf4 Rh8 14.
Qd3 Be6 15. O-O-O Nd7 16. g4 Qa5 17. gxf5 gxf5 18. d5 cxd5 19. Nxd5 Bxd5 20. Qxd5 Qxd5 21.
Rxd5 e6 22. Rd6 Ke7 23. Rhd1 Rad8 24. h5 Nf6 25. Be5 Nxh5 26. Rxd8 Rxd8 27. Rh1 Nf6 28.
Rxh6 Ng4 29. Rh7+ Ke8 30. Bd4 Rd7 31. Rxd7 Kxd7 32. Bxa7 Kc6 33. Kd2 Kd5 34. b3 Ke4 35. c4 e5 36. b4 f4 37. exf4 exf4 38.
a4 f3 39. a5 Ne5 40. Kc3 Nd3 41.
b5 f2 42. Bxf2 Nxf2 43. a6 bxa6 44. bxa6 Nd3 45. a7 1-0

[Event "*** Titled Tuesday Blitz"]
[Site "Chess.com"]
[Date "2021.04.06"]
[Round "6"]
[White "Eloist"]
[Black "juancruzarias"]
[Result "0-1"]
[WhiteElo "2351"]
[BlackElo "2560"]
[TimeControl "180+1"]
[EndTime "11:07:58 PDT"]
[Termination "juancruzarias won on time"]

1. e4 e6 2. d4 d5 3. Nd2 Nf6 4. e5 Nfd7 5. c3 c5 6. f4 Nc6 7. Ngf3 f5 8. Nb3 Be7 9. Be2 O-O 10. Be3 c4 11. Nbd2 b5 12. b3 Rb8 13. O-O Nb6 14. a4 b4 15. a5 bxc3 16. Nb1 cxb3 17. Nxc3 Nc4 18. Bxc4 dxc4 19. d5 exd5 20. Qxd5+ Qxd5 21. Nxd5 Bd8 22. Bc5 Re8 23. Bd6 Rb5 24. Nc3 Rxa5 25. Rad1 Be6 26. Kh1 Bb6 27. Ng5 Nd4 28. Nxe6 Nxe6 29.
g4 g6 30. gxf5 gxf5 31. Nd5 Rxd5 32. Rxd5 c3 33. Rb5 Nd4 34. Rb4 b2 35. Rg1+ Kf7 36.
Bc7 Bxc7 37. Rxd4 c2 0-1

[Event "*** Titled Tuesday Blitz"]
[Site "Chess.com"]
[Date "2021.04.06"]
[Round "6"]
[White "J36225"]
[Black "kai_nov"]
[Result "1-0"]
[WhiteElo "2441"]
[BlackElo "2270"]
[TimeControl "180+1"]
[EndTime "11:07:58 PDT"]
[Termination "J36225 won on time"]

1. e4 c5 2. Nf3 Nc6 3. Bb5 g6 4. Bxc6 dxc6 5. d3 Bg7 6. h3 Nf6 7. Nc3 O-O 8. O-O Nd7 9. Be3 Re8 10. Qd2 b6 11. a3 Ne5 12. Nxe5 Bxe5 13. f4 Bd4 14. Rae1 f5 15. exf5 Bxf5 16. Bxd4 Qxd4+ 17. Qe3 Rad8 18. Qxd4 cxd4 19. Ne4 h6 20. Ng3 Rd5 21.
Re2 Kf7 22. Rfe1 e6 23. Nh1 h5 24. Nf2 h4 25. Ne4 Bxe4 26. Rxe4 Kf6 27. Kf2 a5 28. Kf3 a4 29. Re5 Rxe5 30. Rxe5 c5 31. Kg4 Rc8 32. Kxh4 c4 33. Rb5 cxd3 34. cxd3 Rc2 35. g4 Rd2 36. Rxb6 Rxd3 37. Rb4 Rd2 38. Rxa4 d3 39. Rd4 Rxb2 40.
Rxd3 Rg2 41. a4 Ra2 42. Rd4 Ra3 43. Rb4 Rc3 44. a5 Ra3 45. Rb5 1-0

[Event "*** Titled Tuesday Blitz"]
[Site "Chess.com"]
[Date "2021.04.06"]
[Round "6"]
[White "frenchpin"]
[Black "ybruned"]
[Result "1/2-1/2"]
[WhiteElo "2511"]
[BlackElo "2346"]
[TimeControl "180+1"]
[EndTime "11:08:00 PDT"]
[Termination "Game drawn by repetition"]

1. e4 b6 2. d4 Bb7 3. Nd2 e6 4. Bd3 c5 5. c3 d5 6. e5 Qc8 7. Ne2 Ba6 8. Qa4+ Qd7 9. Qxd7+ Kxd7 10. Nf4 Bxd3 11. Nxd3 cxd4 12. cxd4 Nc6 13. Nf3 Nge7 14.
b3 Nf5 15. Bb2 h5 16. Ke2 Be7 17. h3 h4 18. Rac1 Rac8 19. Rhd1 Na5 20. Nf4 Rxc1 21. Rxc1 g6 22. Kd3 Nc6 23. a3 Na5 24. Nd2 Bg5 25. b4 Nc4 26. Nxc4 dxc4+ 27. Ke4 Bxf4 28. Kxf4 b5 29. Rd1 Ne7 30. Ke4 Nd5 31. Rc1 a6 32.
Bc3 Rh5 33. Bd2 Rf5 34. f3 Rh5 35. Be3 Rh8 36. Bf2 Kc6 37. Rc2 Rh5 38. Be3 Rf5 39. Bd2 Rh5 40. Be3 Rf5 41. Bd2 Rh5 42. Be3 1/2-1/2

[Event "*** Titled Tuesday Blitz"]
[Site "Chess.com"]
[Date "2021.04.06"]
[Round "6"]
[White "C_K_G"]
[Black "Ginger_GM"]
[Result "0-1"]
[WhiteElo "2053"]
[BlackElo "2538"]
[TimeControl "180+1"]
[EndTime "11:08:00 PDT"]
[Termination "Ginger_GM won by resignation"]

1. e4 e6 2. Nf3 d5 3. Nc3 Nf6 4. e5 Nfd7 5. d4 c5 6. Bg5 Be7 7. Bxe7 Qxe7 8. Nb5 O-O 9. Nc7 cxd4 10. Nxa8 Nc6 11. c3 dxc3 12. bxc3 Ndxe5 13. Bb5 Qc5 14. Bxc6 Qxc3+ 15. Kf1 bxc6 16. Nxe5 Qxe5 17. h4 Ba6+ 18. Kg1 Rxa8 19. Rh3 c5 20. Rg3 c4 21. Rc1 Rc8 22.
Qg4 h5 23. Qf3 Bb5 24. Rg5 Qd4 25. Qxh5 c3 26. Rg4 Qd2 27. Ra1 c2 28. Qe5 c1=Q+ 29. Kh2 Qh6 30. Rxc1 Rxc1 31. Qb8+ Kh7 32. Qxb5 Qf6 33.
Qd3+ Qf5 34. Qe3 Rc4 35. Rxc4 dxc4 36. g3 Qd3 37. Qg5 c3 38. h5 c2 39. h6 gxh6 40. Qf6 Qf5 41. Qc3 Qxf2+ 42. Kh3 Qf1+ 43. Kg4 c1=Q 44.
Qe5 Qf5+ 45. Qxf5+ exf5+ 46. Kxf5 Qb1+ 0-1

[Event "*** Titled Tuesday Blitz"]
[Site "Chess.com"]
[Date "2021.04.06"]
[Round "6"]
[White "Lenyas66"]
[Black "Loy_Konstantin"]
[Result "1-0"]
[WhiteElo "2509"]
[BlackElo "2343"]
[TimeControl "180+1"]
[EndTime "11:08:02 PDT"]
[Termination "Lenyas66 won by checkmate"]

1. e4 c5 2. Nf3 d6 3. c3 Nf6 4. Be2 Nc6 5. Qc2 Bg4 6. O-O Rc8 7. h3 Bxf3 8. Bxf3 g6 9. Rd1 Bg7 10. d4 cxd4 11. cxd4 Nxd4 12. Qa4+ Nd7 13. Bg4 Nc2 14. Na3 Nxa1 15. e5 Bxe5 16. Bh6 f5 17. Bf3 Kf7 18. Rxa1 Nc5 19. Qc4+ e6 20. Re1 Re8 21.
Nb5 a6 22. Nd4 Ne4 23. Qd3 d5 24. Bd1 Bg7 25. Be3 e5 26. Nf3 Nc5 27. Qb1 d4 28. Bg5 Bf6 29. Bh6 Kg8 30. b4 Nd7 31. Bb3+ Kh8 32.
Rd1 Nb6 33. g4 Nd5 34. gxf5 gxf5 35. Qxf5 Rg8+ 36. Kh1 Nf4 37. Nxe5 Nxh3 38. Nf7# 1-0

[Event "*** Titled Tuesday Blitz"]
[Site "Chess.com"]
[Date "2021.04.06"]
[Round "6"]
[White "volunteers1998"]
[Black "Aslanov_Umid"]
[Result "0-1"]
[WhiteElo "2228"]
[BlackElo "2407"]
[TimeControl "180+1"]
[EndTime "11:08:02 PDT"]
[Termination "Aslanov_Umid won on time"]

1. e4 c5 2. Nf3 d6 3. d4 cxd4 4. Nxd4 Nf6 5. Nc3 a6 6. h3 e6 7. g4 Nc6 8. g5 Nd7 9. h4 Qc7 10.
Be3 b5 11. Bg2 Bb7 12. O-O Be7 13. Qd2 Nce5 14. f4 Nc4 15. Qe2 Nxb2 16. Bd2 Qc4 17. Qxc4 Nxc4 18. Rad1 O-O 19. f5 e5 20. Nf3 Rac8 21. Nd5 Bxd5 22. exd5 Nxd2 23. Rxd2 Rc5 24. f6 gxf6 25. gxf6 Bxf6 26. Bh3 Nb6 27. Kh1 Kh8 28. Ng5 Bxg5 29. hxg5 Nxd5 30. Be6 Nf4 31. Bf5 Kg7 32. Rxd6 Ne2 33. Rf2 Ng3+ 34. Kg2 Nxf5 35. Rxf5 Rxc2+ 36. Kg3 Rfc8 37. Rxe5 R8c3+ 38. Kf4 Rxa2 39. Kg4 Ra4+ 0-1

[Event "*** Titled Tuesday Blitz"]
[Site "Chess.com"]
[Date "2021.04.06"]
[Round "6"]
[White "Kretov_Evgenij"]
[Black "Horizonevent"]
[Result "1-0"]
[WhiteElo "2615"]
[BlackElo "2496"]
[TimeControl "180+1"]
[EndTime "11:08:04 PDT"]
[Termination "Kretov_Evgenij won by resignation"]

1. d4 Nf6 2. c4 e6 3. Nc3 d5 4. cxd5 exd5 5. Bg5 c6 6. e3 Be7 7. Bd3 h6 8. Bh4 Nbd7 9. Qc2 Nh5 10. Bxe7 Qxe7 11.
Nge2 Nb6 12. h3 O-O 13. O-O-O Nf6 14. g4 c5 15. Rhg1 c4 16. Bf5 Bxf5 17. gxf5 Kh8 18. Nf4 Rad8 19. Rg2 Ne4 20. Rdg1 Rg8 21. Nxe4 Qxe4 22.
Qxe4 dxe4 23. Nh5 Rd5 24. Rxg7 Rxg7 25. Nxg7 Nd7 26. Kd2 Nf6 27. Kc3 Rd8 28. Kxc4 Rg8 29. Kc5 Rxg7 30. Rxg7 Kxg7 31. Kd6 h5 32. Kc7 h4 33.
Kxb7 Ng4 34. d5 Ne5 35. d6 Kf8 36. Kc7 Ke8 37. b4 f6 38. a4 Nd7 39. b5 Nc5 40.
a5 Nd7 41. b6 axb6 42. axb6 Nc5 43. b7 Nxb7 44. Kxb7 Kd7 45. Kb6 Kxd6 46. Kb5 Kd5 47. Kb4 Ke5 48. Kc5 Kxf5 49. Kd5 Kg5 50. Kxe4 Kg6 51.
Kf4 f5 52. Ke5 Kg5 53. f4+ Kg6 54. Ke6 Kh5 55. Kxf5 1-0

[Event "*** Titled Tuesday Blitz"]
[Site "Chess.com"]
[Date "2021.04.06"]
[Round "6"]
[White "InitiatingASC"]
[Black "Iskusnyh"]
[Result "1/2-1/2"]
[WhiteElo "2430"]
[BlackElo "2626"]
[TimeControl "180+1"]
[EndTime "11:08:04 PDT"]
[Termination "Game drawn by agreement"]

1. d4 d5 2. c4 c6 3. Nf3 Nf6 4. g3 Bf5 5. Bg2 e6 6. O-O Nbd7 7. b3 Be7 8. Bb2 O-O 9. Nbd2 h6 10. Ne5 Nxe5 11.
dxe5 Nd7 12. e4 dxe4 13. Nxe4 Bxe4 14. Bxe4 Nc5 15. Bc2 Qxd1 16. Raxd1 a5 17. a3 Rfd8 18. f4 g6 19. Kg2 h5 20. h3 Rxd1 21. Rxd1 Rd8 22.
Rxd8+ Bxd8 23. b4 axb4 24. axb4 Na6 25. b5 cxb5 26. cxb5 Nc5 27. g4 hxg4 28. hxg4 Ba5 29. Kf3 Bb4 30. Bc1 Bc3 31. Be3 Bb4 32. f5 gxf5 33.
gxf5 Kf8 34. Kf4 Nd7 35. Bd4 Ke7 36. Be4 b6 37. Bc6 Bc5 38. Bxd7 Bxd4 39. fxe6 fxe6 40. Bc8 Bc3 41. Ke4 1/2-1/2

[Event "*** Titled Tuesday Blitz"]
[Site "Chess.com"]
[Date "2021.04.06"]
[Round "6"]
[White "j2806"]
[Black "Valeron87"]
[Result "1-0"]
[WhiteElo "2159"]
[BlackElo "2275"]
[TimeControl "180+1"]
[EndTime "11:08:04 PDT"]
[Termination "j2806 won on time"]

1. e4 c5 2. Nf3 Nc6 3. d4 cxd4 4.
Nxd4 Nf6 5. Nc3 d6 6. Be3 g6 7. f3 Bg7 8. Qd2 h5 9. Bc4 Bd7 10.
O-O-O Rc8 11. Bb3 Na5 12. Kb1 a6 13. Nd5 Nxb3 14. Nxb3 Nxd5 15. exd5 Bf5 16. Rc1 Bf6 17. Bd4 Kf8 18. Bxf6 exf6 19. Nd4 Bd7 20. Qb4 Qc7 21. c3 Kg7 22. Qb3 b5 23. h3 Qc5 24. g4 hxg4 25. hxg4 Rxh1 26. Rxh1 Re8 27. Qc2 Qxd5 28. Qd2 Qg5 29.
Qh2 Qe3 30. Nc2 Qg5 31. Qh7+ Kf8 32. Qh2 1-0

[Event "*** Titled Tuesday Blitz"]
[Site "Chess.com"]
[Date "2021.04.06"]
[Round "6"]
[White "geordie_derraugh"]
[Black "Chessdude1987"]
[Result "1/2-1/2"]
[WhiteElo "2445"]
[BlackElo "2311"]
[TimeControl "180+1"]
[EndTime "11:08:05 PDT"]
[Termination "Game drawn by repetition"]

1. e4 e6 2. d4 d5 3. Nd2 c5 4. Ngf3 Nf6 5. exd5 exd5 6. Bb5+ Bd7 7. Qe2+ Be7 8. O-O O-O 9. Re1 Re8 10. Ne5 cxd4 11.
Ndf3 Bd6 12. Bg5 Nc6 13. Bxc6 bxc6 14. Qa6 Qc7 15. Bxf6 gxf6 16. Nxd7 Qxd7 17. Nxd4 c5 18. Nb5 Be5 19. c3 Rab8 20. a4 Re7 21. f4 Rb6 22.
Qxa7 Qxa7 23. Nxa7 Rxa7 24. fxe5 fxe5 25. Rxe5 Rxb2 26.
Rxd5 Re7 27. Rxc5 h6 28. Rc4 f5 29. a5 Ree2 30. Rh4 Rxg2+ 31. Kh1 Kg7 32. a6 Ra2 33. Ra4 Rxh2+ 34. Kg1 Rag2+ 35. Kf1 Rc2 36. Kg1 Rhg2+ 37. Kh1 Rh2+ 38. Kg1 Rcg2+ 39. Kf1 Rf2+ 40.
Kg1 Rfg2+ 1/2-1/2

[Event "*** Titled Tuesday Blitz"]
[Site "Chess.com"]
[Date "2021.04.06"]
[Round "6"]
[White "sewin16"]
[Black "tjychess"]
[Result "0-1"]
[WhiteElo "2494"]
[BlackElo "2632"]
[TimeControl "180+1"]
[EndTime "11:08:06 PDT"]
[Termination "tjychess won by resignation"]

1. e4 e5 2. Nf3 Nc6 3. Nc3 Nf6 4.
d4 exd4 5. Nxd4 Bb4 6. Nxc6 bxc6 7.
Bd3 O-O 8. O-O d5 9. exd5 cxd5 10. h3 c6 11. Qf3 Bd6 12. Bf4 Rb8 13. b3 Rb4 14. Ne2 Re8 15. a3 Rb7 16. Nd4 c5 17. Nf5 Bxf4 18. Qxf4 Bxf5 19. Qxf5 Rbe7 20. Bb5 Re5 21. Qd3 R8e7 22. Rad1 Qb6 23. a4 g6 24. Qc3 Ne4 25. Qd3 a6 26. Bxa6 c4 27. Bxc4 dxc4 28.
Qxc4 Nxf2 29. Qd4 Qxd4 30. Rxd4 Ne4 31. Re1 f5 32. Ra1 Rc5 33. c4 Rb7 34. Rd3 Ra5 35. Rad1 Nc5 36. Rd8+ Kg7 37. Rc8 Nxb3 38. Rb1 Kh6 39.
Kh2 Rxa4 40. c5 Nxc5 41. Rd1 Ne4 42. Rd3 0-1